 Dungeon Crawl Stone Soup version 0.29.0-13-gc9e81de378 (webtiles) character file.

Game seed: 5744514246336736841

3368 Ijustatesigmund the Fighter (level 10, -6/66 HPs)
             Began as a Gargoyle Fighter on Sept 7, 2022.
             Was a Priest of Okawaru.
             Mangled by a two-headed ogre
             ... wielding a +0 giant club
              (7 damage)
             ... on level 10 of the Dungeon.
             The game lasted 00:11:32 (7003 turns).

Ijustatesigmund the Fighter (Gargoyle Fighter)      Turns: 7003, Time: 00:11:32

Health: -6/66      AC: 26    Str: 23    XL:     10   Next: 3%
Magic:  14/14      EV:  7    Int: 10    God:    Okawaru [***...]
Gold:   261        SH:  5    Dex: 15    Spells: 9/9 levels left

rFire   . . .      SeeInvis .   a - +1 flail
rCold   . . .      Faith    .   c - +0 buckler
rNeg    + . .      Spirit   .   k - +4 chain mail
rPois   ∞          Reflect  .   o - +2 helmet
rElec   +          Harm     .   m - +0 cloak
rCorr   +          Rampage  .   (no gloves)
Will    .....                   (no boots)
Stlth   ..........              (no amulet)
HPRegen 0.21/turn               f - +6 ring of dexterity
MPRegen 0.14/turn               r - ring of resist corrosion

@: no status effects
A: sickness immunity, AC +7, negative energy resistance 1, electricity
resistance, torment resistance 1, petrification resistance
a: Renounce Religion, Heroism


You were on level 10 of the Dungeon.
You worshipped Okawaru.
Okawaru was most pleased with you.
You visited 2 branches of the dungeon, and saw 9 of its levels.

You collected 261 gold pieces.

Inventory:

Hand Weapons
 a - a +1 flail (weapon)
Missiles
 e - 2 curare-tipped darts (quivered)
 y - 5 boomerangs of dispersal
Armour
 c - a +0 buckler (worn)
 k - a +4 chain mail (worn)
 m - a +0 cloak (worn)
 o - a +2 helmet (worn)
Jewellery
 f - a +6 ring of dexterity (left hand)
 q - a ring of flight
 r - a ring of resist corrosion (right hand)
 w - a +4 ring of protection
Wands
 s - a wand of flame (18)
 x - a wand of paralysis (6)
Scrolls
 j - a scroll of identify
 u - 3 scrolls of amnesia
Potions
 b - a potion of brilliance
 d - 3 potions of might
 g - a potion of curing
 h - a potion of cancellation
 i - a potion of attraction
 l - 2 potions of lignification
 n - a potion of ambrosia
 p - a potion of heal wounds {unknown}
 t - 2 potions of flight {unknown}


   Skills:
 + Level 9.2 Fighting
 + Level 8.0 Maces & Flails
 - Level 6.5 Armour
 + Level 4.9 Shields
 + Level 6.2 Invocations


You had 9 spell levels left.
You didn't know any spells.
Your spell library contained the following spells:

 Spells                   Type           Power      Damage    Failure   Level
 Shock                    Conj/Air       0%         1d3       97%         1
 Swiftness                Air            0%         N/A       100%        3
 Airstrike                Air            0%         2d(0-16)  100%        4


Dungeon Overview and Level Annotations

Branches:
Dungeon (10/15)            Temple (1/1) D:4
   Lair: D:8-11         Orc: D:9-12

Altars:
Dithmenos
Elyvilon
Hepliaklqana
Makhleb
Okawaru
Qazlal
Ru
Sif Muna
Trog
Uskayaw
Zin
The Shining One


Innate Abilities, Weirdness & Mutations

You are immune to sickness and miasma.
Your stone body is resilient. (AC +7)
You are immune to poison.
You resist negative energy. (rN+)
You are resistant to electric shocks. (rElec)
You are resistant to unholy torment.
You are immune to petrification.


Message History

You are too injured to fight recklessly!
You are too injured to fight recklessly!
You are too injured to fight recklessly!
You are too injured to fight recklessly!
You are too injured to fight recklessly!
You are confused.
You feel invigorated.
The two-headed ogre hits you but does no damage. x2
You bump into the rock wall.
You sock the two-headed ogre!
The two-headed ogre is lightly wounded.
The two-headed ogre hits you with a +0 giant club.
The two-headed ogre hits you with a +0 giant club!
You bump into the rock wall.
You feel less invigorated.
You feel less confused.
The two-headed ogre hits you with a +0 giant club!
The two-headed ogre hits you but does no damage.
You thump the two-headed ogre!
The two-headed ogre is heavily wounded.
You hit the two-headed ogre but do no damage.
The two-headed ogre is heavily wounded.
The two-headed ogre hits you with a +0 giant club!
* * * LOW HITPOINT WARNING * * *
You block the two-headed ogre's attack.
You hit the two-headed ogre.
The two-headed ogre is heavily wounded.
The two-headed ogre hits you but does no damage.
You block the two-headed ogre's attack.
You barely miss the two-headed ogre.
The two-headed ogre is heavily wounded.
You hit the two-headed ogre but do no damage.
The two-headed ogre is heavily wounded.
The two-headed ogre hits you with a +0 giant club!
* * * LOW HITPOINT WARNING * * *
You block the two-headed ogre's attack.
As you read the scroll labelled HUCOAR WELAUMI, it crumbles to dust.
It is a scroll of enchant weapon.
Your +0 flail glows red for a moment.
You block the two-headed ogre's attack.
The two-headed ogre hits you with a +0 giant club!
You die...

.... #..#
#..######
#..##... #..##.#
#.....# #.#.#.#.#
#..
#.......####.....
#..#.#...@O......
#..#.#.#####.#.$#
##....>. #.######
#. #


You could see a two-headed ogre.

Vanquished Creatures
  A two-headed ogre (D:6)
  3 yaks (D:10)
  A wraith (D:7)
  Sigmund (D:3)
  A steam dragon (D:7)
  Edmund (D:5)
  A water moccasin (D:7)
  A black bear (D:5)
  An ice beast (D:5)
  3 ogres
  A sky beast (D:6)
  A centaur (D:6)
  A phantom (D:5)
  A necrophage (D:5)
  2 bullfrogs (D:7)
  2 scorpions
  2 howler monkeys (D:6)
  A jelly (D:5)
  An orc priest (D:3)
  Crazy Yiuf (D:2)
  3 hounds
  2 iguanas
  Jessica (D:2)
  Ijyb (D:5)
  Terence (D:2)
  5 orc wizards
  Robin (D:3)
  7 adders
  A white imp (D:7)
  3 ufetubi
  A worm (D:4)
  4 dart slugs
  18 orcs
  8 endoplasms
  2 giant cockroaches
  12 goblins
  11 hobgoblins
  3 jackals (D:3)
  3 quokkas
  8 ball pythons
  6 bats
  2 frilled lizards
  5 kobolds
  4 rats
139 creatures vanquished.

Vanquished Creatures (others)
  11 plants
11 creatures vanquished.

Grand Total: 150 creatures vanquished

Notes
Turn   | Place    | Note
-------+----------+-------------------------------------------
     0 | D:1      | Ijustatesigmund the Gargoyle Fighter began the quest for
                  | the Orb.
     0 | D:1      | Reached XP level 1. HP: 14/14 MP: 1/1
   207 | D:1      | Reached XP level 2. HP: 16/19 MP: 2/2
   872 | D:2      | Reached XP level 3. HP: 24/24 MP: 3/3
   873 | D:2      | Reached skill level 4 in Fighting
   978 | D:2      | Noticed Terence
   986 | D:2      | Killed Terence
  1186 | D:2      | Noticed Jessica
  1193 | D:2      | Killed Jessica
  1194 | D:2      | Reached XP level 4. HP: 22/30 MP: 4/4
  1318 | D:2      | Found a runed translucent door.
  1319 | D:2      | Noticed Crazy Yiuf
  1326 | D:2      | Killed Crazy Yiuf
  1489 | D:3      | Reached skill level 5 in Fighting
  1489 | D:3      | Reached XP level 5. HP: 35/35 MP: 5/5
  1803 | D:3      | Noticed Sigmund
  1839 | D:3      | Killed Sigmund
  1840 | D:3      | Reached skill level 6 in Fighting
  1840 | D:3      | Reached skill level 5 in Maces & Flails
  1840 | D:3      | Reached XP level 6. HP: 17/41 MP: 6/6
  2731 | D:3      | Noticed Robin
  2737 | D:3      | Killed Robin
  2812 | D:3      | Found a faded altar of an unknown god.
  2996 | D:4      | Identified the +7 dagger of Moderation {elec, rElec}
  3035 | D:4      | Reached XP level 7. HP: 13/47 MP: 7/7
  3651 | D:4      | Found a staircase to the Ecumenical Temple.
  3660 | Temple   | Entered the Ecumenical Temple
  3665 | Temple   | Became a worshipper of Warmaster Okawaru
  3970 | D:5      | Entered Level 5 of the Dungeon
  3970 | D:5      | Noticed Ijyb
  3971 | D:5      | Noticed Edmund
  3972 | D:5      | Killed Ijyb
  4018 | D:5      | Killed Edmund
  4019 | D:5      | Reached skill level 1 in Invocations
  4562 | D:5      | Reached skill level 7 in Fighting
  4562 | D:5      | Reached XP level 8. HP: 52/53 MP: 9/9
  4623 | D:5      | Found a bloodstained altar of Trog.
  4676 | D:5      | Reached skill level 5 in Armour
  4685 | D:5      | Reached * piety under Okawaru
  4742 | D:5      | HP: 1/53 [ogre/+0 giant club (5)]
  5504 | D:6      | Noticed a two-headed ogre
  5517 | D:6      | Killed a two-headed ogre
  5517 | D:6      | Reached ** piety under Okawaru
  5518 | D:6      | Reached skill level 8 in Fighting
  5518 | D:6      | Reached XP level 9. HP: 41/60 MP: 10/12
  5893 | D:6      | Found a glowing silver altar of Zin.
  5893 | D:6      | Found a burning altar of Makhleb.
  5893 | D:6      | Found a sacrificial altar of Ru.
  5946 | D:6      | Reached skill level 5 in Invocations
  6236 | D:6      | Found a shimmering blue altar of Sif Muna.
  6946 | D:7      | You fall into a shaft and drop 3 floors!
  6946 | D:10     | Entered Level 10 of the Dungeon
  6956 | D:10     | Noticed a two-headed ogre
  6969 | D:10     | Reached *** piety under Okawaru
  6970 | D:10     | Reached skill level 9 in Fighting
  6989 | D:10     | Reached XP level 10. HP: 44/66 MP: 14/14
  7002 | D:10     | HP: 1/66 [two-headed ogre/+0 giant club (10)]
  7003 | D:10     | Mangled by a two-headed ogre

Illustrated notes

Levels and vault maps discovered:
D:1:      lemuel_arrival_hallway, layout_loops_ring, minmay_misc_feat_pillars,
          minmay_pentomino_o4
D:2:      layout_rooms, serial_bayou_crossing, uniq_terence,
          uniq_crazy_yiuf_cottage, uniq_jessica
D:3:      layout_basic, chequers_ecumenical_altar_island, hangedman_glass_teeth,
          serial_bayou_pond_b, uniq_robin, uniq_sigmund
D:4:      layout_basic, minmay_temple_entry_poolview
D:5:      layout_cave_pools, mainiacjoe_overflow_brackets, uniq_ijyb,
          uniq_edmund
D:6:      layout_loops_ring, led_sif_pool, gammafunk_temple_overflow_claw,
          serial_bayou_pond_c
D:7:      layout_layer_cave, nicolae_overflow_quartered_altars,
          minmay_statues_item
D:10:     layout_basic, kennysheep_little_box, minmay_lair_entry_grove
Temple:   nicolae_temple_ecumenical_triangle

Skill      XL: |  1  2  3  4  5  6  7  8  9 |
---------------+----------------------------+-----
Fighting       | 4 5 6 7 8 9 |  9.2
Maces & Flails | 3 5 7 8 |  8.0
Armour         | 4 6 |  6.5
Invocations    | 2 4 6 |  6.2
Shields        | 4 |  4.9

Action                   |  1- 3 |  4- 6 |  7- 9 | 10-12 || total
-------------------------+-------+-------+-------+-------++-------
Melee: Flail             |    54 |   173 |   339 |    11 ||   577
Throw: Dart              |       |       |    10 |       ||    10
Invok: Heroism           |       |       |     1 |       ||     1
  Use: Scroll            |     3 |     7 |     3 |     1 ||    14
       Potion            |       |     3 |     2 |     1 ||     6
Armor: Scale mail        |    26 |       |       |       ||    26
       Chain mail        |     3 |   151 |   231 |     8 ||   393
Dodge: Dodged            |    29 |    61 |   119 |     2 ||   211
Block: Buckler           |    14 |    50 |    75 |     5 ||   144
